 Dungeon Crawl Stone Soup version 0.16-a0-327-gbff0e38 (webtiles) character file.

504 PolkaDot the Summoner (level 6, -2/41 HPs)
             Began as a Vampire Summoner on Sept 5, 2014.
             Slain by a gnoll
             ... wielding a +0 spear
              (11 damage)
             ... on Level 4 of the Dungeon.
             The game lasted 00:13:14 (4233 turns).

PolkaDot the Summoner (Vampire Summoner)            Turns: 4233, Time: 00:13:14

HP  -2/41        AC  2     Str  7      XL: 6   Next: 96%
MP  13/19        EV 12     Int 19      God:
Gold 20          SH  0     Dex 14      Spells:  3 memorised,  3 levels left

rFire  + . .     SeeInvis +     w - +1 cutlass (venom)
rCold  . . .     Clarity  .     a - +0 robe
rNeg   . . .     rCorr    +     (no shield)
rPois  .         rRot     .     (no helmet)
rElec  .         Spirit   .     (no cloak)
SustAb .         Warding  .     (no gloves)
rMut   .         Stasis   .     (no boots)
Gourm  .                        r - amulet of resist corrosion
MR     .....                    t - ring of protection from fire
                                c - ring of magical power

@: regenerating quickly, not resistant to hostile enchantments, unstealthy
A: bottle blood, fangs 3, see invisible, unbreathing
a: Bottle Blood


You were on level 4 of the Dungeon.
You were very full.

You visited 1 branch of the dungeon, and saw 4 of its levels.

You collected 116 gold pieces.
You spent 96 gold pieces at shops.

Inventory:

Hand weapons
 w - a +1 cutlass of venom (weapon)
Armour
 a - a +0 robe (worn)
Magical devices
 j - a wand of enslavement (15) {unknown}
 u - a wand of confusion (6) {unknown}
Scrolls
 d - 2 scrolls of fog {unknown}
 g - a scroll of magic mapping {unknown}
 h - a scroll of recharging {unknown}
 k - a scroll of identify {unknown}
 n - 2 scrolls of enchant weapon {unknown}
 o - a scroll of blinking {unknown}
 p - 2 scrolls of teleportation {unknown}
 s - a scroll of fear {unknown}
 v - a scroll of remove curse {unknown}
Jewellery
 c - a ring of magical power (left hand)
 m - an uncursed ring of protection from magic
 r - an amulet of resist corrosion (around neck)
 t - a ring of protection from fire (right hand)
Potions
 e - a potion of resistance {unknown}
 f - a potion of magic {unknown}
 i - 2 potions of restore abilities {unknown}
 l - a potion of cancellation
 q - a potion of heal wounds {unknown}
Books
 b - a book of Callings

   Spells                             Type                      Level
   *Summon Small Mammal               Summoning                    1
   *Call Imp                          Summoning                    2
   *Call Canine Familiar              Summoning                    3
   Summon Guardian Golem              Hexes/Summoning              4
   Summon Lightning Spire             Summoning/Air                4
   Summon Ice Beast                   Ice/Summoning                4


   Skills:
 - Level 2.1 Dodging
 - Level 3.0 Stealth
 - Level 2.0 Spellcasting
 * Level 8.4 Summonings


You had 3 spell levels left.
You knew the following spells:

 Your Spells              Type           Power        Failure   Level  Hunger
a - Summon Small Mammal   Summ           ####         1%          1    #......
d - Call Canine Familiar  Summ           ####....     1%          3    ####...
s - Call Imp              Summ           ####....     1%          2    ##.....


Dungeon Overview and Level Annotations

Branches:
Dungeon (4/15)
 Temple: D:4-7

Altars:
Zin

Shops:
D:4 (


Innate Abilities, Weirdness & Mutations

Your natural rate of healing is unusually fast.
You can bottle blood from corpses.
You have razor-sharp teeth.
You have supernaturally acute eyesight.
You can survive without breathing.


Message History

* * * LOW HITPOINT WARNING * * *
Your crimson imp blinks!
Your hound bites the gnoll.
The gnoll hits your hound but does no damage.
Your hound closely misses the gnoll.
Your crimson imp hits the gnoll.
Your crimson imp blinks!
You kill the gnoll!
Your crimson imp blinks!
Your hound bites the gnoll.
Your hound barely misses the gnoll.
The gnoll hits your crimson imp with a halberd!
Your crimson imp hits the gnoll.
Something hits your crimson imp!
Your crimson imp dies!
The gnoll closely misses your hound. The gnoll hits you but does no damage.
Your hound bites the gnoll.
Your crimson imp misses the gnoll.
You hit the gnoll but do no damage.
The gnoll is poisoned.
The gnoll is severely wounded.
Your hound bites the gnoll.
The gnoll hits you with a spear!
You die...

# #....## #...# # #.....## #....
# #......######.... #
##..............5## ###
#..........# ...## ..####
##..........# #.g.##
.....####...........# #.h..#...
.....)..............# #.ยง......
###.............@g..#####.#.[....
###............#....hg5...#....
#..#........####.####........
#..#...#....## #.# ###...###
#.####.####..# #.# ..## #.#
#....##### #.# .## ### #####.#
### # ###


You could see 2 gnolls, a friendly hound and a friendly crimson imp.

Vanquished Creatures
  A phantom (D:3)
  Blork the orc (D:4)
  A scorpion (D:4)
  An orc priest (D:4)
  An orc wizard (D:4)
  3 worker ants (D:4)
  Terence (D:2)
  3 adders
  A gnoll (D:4)
  A worm (D:4)
  An adder skeleton (D:4)
  3 giant geckos
  An ooze (D:4)
  6 orcs
  5 bats
  9 giant cockroaches
  7 goblins
  6 hobgoblins
  6 jackals
  A quokka (D:2)
  2 giant newts (D:2)
  A giant newt skeleton (D:4)
  A goblin skeleton (D:4)
  A hobgoblin skeleton (D:4)
  6 kobolds
  7 rats
77 creatures vanquished.

Vanquished Creatures (collateral kills)
  A goliath beetle (D:4)
  2 orc priests
  An orc wizard (D:4)
  Ijyb (D:2)
  2 adders (D:4)
  9 orcs
  A kobold (D:1)
  3 bats
20 creatures vanquished.

Vanquished Creatures (others)
  A crimson imp (D:4)
  A hound (D:4)
  2 rats
4 creatures vanquished.

Grand Total: 101 creatures vanquished

Notes
Turn   | Place    | Note
--------------------------------------------------------------
     0 | D:1      | PolkaDot, the Vampire Summoner, began the quest for the Orb.
     0 | D:1      | Reached XP level 1. HP: 13/13 MP: 3/3
   555 | D:1      | Reached XP level 2. HP: 17/19 MP: 4/4
   864 | D:2      | Noticed Ijyb
   893 | D:2      | Killed Ijyb
   893 | D:2      | Reached skill level 5 in Summonings
   893 | D:2      | Reached XP level 3. HP: 2/24 MP: 1/6
  1135 | D:2      | Learned a level 3 spell: Call Canine Familiar
  1138 | D:2      | Learned a level 2 spell: Call Imp
  1155 | D:2      | Noticed Terence
  1162 | D:2      | Killed Terence
  1601 | D:3      | Noticed a phantom
  1769 | D:3      | Killed a phantom
  1769 | D:3      | Reached skill level 6 in Summonings
  1769 | D:3      | Reached XP level 4. HP: 2/30 MP: 1/7
  1769 | D:3      | Reached XP level 5. HP: 2/35 MP: 1/9
  2471 | D:4      | Reached skill level 7 in Summonings
  2593 | D:4      | Found Suunwu Klont's Antique Weapon Shoppe.
  2629 | D:4      | Reached XP level 6. HP: 12/41 MP: 10/10
  3420 | D:4      | Found a glowing silver altar of Zin.
  3540 | D:4      | Bought a runed cutlass for 96 gold pieces
  3930 | D:4      | Reached skill level 8 in Summonings
  3948 | D:4      | Noticed Blork the orc
  3985 | D:4      | Killed Blork the orc
  4233 | D:4      | Slain by a gnoll

Action                   |  1- 3 |  4- 6 || total
-------------------------+-------+-------++-------
Melee: Unarmed           |    17 |       ||    17
       Club              |     3 |       ||     3
       Dagger            |    70 |    98 ||   168
       Cutlass           |       |    35 ||    35
 Cast: Summon Small Mamm |    17 |       ||    17
       Call Imp          |     1 |    18 ||    19
       Call Canine Famil |     1 |     9 ||    10
  Use: Potion            |     1 |     5 ||     6
 Stab: Sleeping          |     8 |     3 ||    11
       Distracted        |     1 |       ||     1
  Eat: Corpse            |    10 |    24 ||    34
